 Dungeon Crawl Stone Soup version 0.29-a0-367-gc2b5878c41 (webtiles) character file.

Game seed: 11519797139307547383

25 Lekart the Skirmisher (level 2, 0/27 HPs)
             Began as a Draconian Chaos Knight on May 1, 2022.
             Was a Plaything of Xom.
             Slain by an iron imp (1 damage)
             ... summoned by Natasha
             ... on level 2 of the Dungeon.
             The game lasted 00:01:38 (899 turns).

Lekart the Skirmisher (Draconian Chaos Knight)       Turns: 899, Time: 00:01:39

Health: 0/27       AC:  5    Str: 14    XL:     2   Next: 82%
Magic:  2/2        EV: 12    Int: 12    God:    Xom [..*...]
Gold:   24         SH:  0    Dex: 10    Spells: 1/1 levels left

rFire   . . .      SeeInvis +   a - +0 falchion (chaos)
rCold   + . .      Faith    .   (no shield)
rNeg    . . .      Spirit   .   (body armour unavailable)
rPois   .          Reflect  .   (helmet restricted)
rElec   .          Harm     .   e - scarf {+Inv}
rCorr   .          Rampage  .   k - +0 pair of gloves
Will    .....                   (no boots)
Stlth   +.........              (no amulet)
HPRegen 0.09/turn               i - ring of see invisible
MPRegen 0.08/turn               l - ring of protection from cold

@: no status effects
A: AC +4, unfitting armour, cold-blooded
a: Renounce Religion, Evoke Invisibility


You were on level 2 of the Dungeon.
You worshipped Xom.
You were a toy of Xom.
You visited 1 branch of the dungeon, and saw 2 of its levels.

You collected 24 gold pieces.

Inventory:

Hand Weapons
 a - a +0 falchion of chaos (weapon)
Armour
 e - a scarf of invisibility (worn)
 k - a +0 pair of gloves (worn)
Jewellery
 i - a ring of see invisible (left hand)
 l - a ring of protection from cold (right hand)
Potions
 c - a potion of heal wounds
 d - a potion of mutation {unknown}
 j - a potion of flight {unknown}
Miscellaneous
 b - a piece from Xom's chessboard (15/15) (quivered)


   Skills:
 + Level 3.7 Fighting
 + Level 3.4 Long Blades
 * Level 2.5 Dodging


You had one spell level left.
You didn't know any spells.
Your spell library was empty.

Dungeon Overview and Level Annotations

Branches:
Dungeon (2/15)

Altars:

Shops:
D:1 [

Annotations:
D:2 Natasha


Innate Abilities, Weirdness & Mutations

Your plain brown scales are hard. (AC +4)
You cannot fit into any form of body armour.
You are cold-blooded and may be slowed by cold attacks.


Message History

Natasha stares at you and mumbles some strange words.
The magic dart hits you. Natasha claws you.
You hit Natasha.
Natasha is moderately wounded.
Natasha casts a spell.
You hit Natasha but do no damage.
Natasha is moderately wounded.
Natasha closely misses you.
You hit Natasha.
Natasha is heavily wounded.
The iron imp completely misses you. Natasha barely misses you.
You barely miss Natasha.
Natasha is heavily wounded.
Natasha claws you but does no damage. The iron imp hits you. Natasha claws you.
You are too injured to fight recklessly!
You are too injured to fight recklessly!
You are too injured to fight recklessly!
You hit Natasha but do no damage.
Your tail-slap misses Natasha.
Natasha is heavily wounded.
The iron imp barely misses you. Natasha claws you.
* * * LOW HITPOINT WARNING * * *
You hit Natasha but do no damage.
Your tail-slap misses Natasha.
Natasha is heavily wounded.
The iron imp closely misses you.
Natasha growls.
Natasha barely misses you.
You barely miss Natasha.
Your tail-slap misses Natasha.
Natasha is heavily wounded.
The iron imp hits you but does no damage.
Natasha claws you.
You die... "That's my toy, go get your own!"
Xom revives you!
You hit Natasha.
Natasha is almost dead.
Natasha mumbles some strange words.
The iron imp hits you.
You die...
Xom chuckles heartily!

#. #.# #.# #[# #.#
.. #.#
#.##.##########
#.#...5@h.5..$.
#####.#..##########
#........##
#.##.#....########
#.................
#.........########
#.####..#...###
#.......#.....#
#######.#.....#


You could see an iron imp (summoned), Natasha and a white imp (summoned).

Vanquished Creatures
  2 dart slugs
  2 ball pythons (D:1)
  3 goblins (D:1)
  2 hobgoblins (D:1)
  2 jackals (D:1)
  2 quokkas (D:1)
  2 frilled lizards (D:1)
  3 kobolds (D:1)
  A rat (D:1)
19 creatures vanquished.

Notes
Turn   | Place    | Note
-------+----------+-------------------------------------------
     0 | D:1      | Lekart the Draconian Chaos Knight began the quest for the
                  | Orb.
     0 | D:1      | Reached XP level 1. HP: 19/19 MP: 1/1
   205 | D:1      | Reached XP level 2. HP: 15/26 MP: 2/2
   215 | D:1      | XOM: silly message
   423 | D:1      | Found Yhiog's Armour Boutique.
   545 | D:1      | XOM: silly message
   609 | D:1      | Found a faded altar of an unknown god.
   678 | D:1      | XOM: cloud trail
   888 | D:2      | Noticed Natasha
   889 | D:2      | XOM: silly message
   898 | D:2      | Xom revived you
   899 | D:2      | Slain by an iron imp

Illustrated notes

Levels and vault maps discovered:
D:1:      minmay_arrival_hallway, layout_basic,
          hellmonk_ecumenical_altar_blasted, serial_shops, shop_statue,
          kennysheep_nondescript
D:2:      layout_basic, uniq_natasha

Action                   || total
-------------------------++-------
Melee: Falchion          ||    63
       Tailslap          ||     4
       Punch             ||     1
  Use: Scroll            ||     4
 Stab: Petrified         ||     3
       Petrifying        ||     1
Armor: Skin              ||    13
Dodge: Dodged            ||    36

Table legend: (Time is in decaauts)
 A = Elapsed time spent in this place.
 B = Non-inter-level travel time spent in this place.
 C = Inter-level travel time spent in this place.
 D = Time resting spent in this place.
 E = Time spent auto-exploring this place.
 F = Levels seen in this place.
 G = Mean time per level.
                   A        B        C        D        E       F      G
               +--------+--------+--------+--------+--------+-----+--------+
         Total |    906 |    897 |      9 |      0 |    710 |   2 |  453.0 |
       Dungeon |    906 |    897 |      9 |      0 |    710 |   2 |  453.0 |
               +--------+--------+--------+--------+--------+-----+--------+

Top non-repeatable levels by time:
     D:1: 862 daAuts
     D:2: 44 daAuts
